AoeStats
← xSeas

QS Arena

503662167Analyzed
4v4 RM · 2mo ago on Sep 1, 2026· 24m 59s· 8 players
Game mode
Random Map
Map size
Large (8 player)
Population
200
Speed
Normal
Resources
Standard
Victory
Conquest
Starting age
Dark Age
Ending age
Imperial Age
RankedLock teamsTeams togetherTeam positionsShared explorationLock speedFull tech treeHidden civsTurbo modeCheats
Victory
Defeat
🇨🇿 Britons · Czechia
928
+13
🇹🇷 Koreans · Türkiye
894
+14
🇺🇸 Poles · United States
881
+15
🇨🇿 Spanish · Czechia
844
+17
vs
🇨🇳 Huns · China
911
-17
🇫🇷 Franks · France
908
-17
🇨🇱 Cumans · Chile
844
-14
🇫🇷 Vietnamese · France
763
-11
xSeas
6:48 Feudal Age
7:18 Double-Bit Axe
7:16 Horse Collar
8:51 Wheelbarrow
8:34 Gold Mining
16:08 Castle Age
15:10 Scale Mail Armor
16:37 Stone Mining
16:55 Squires
17:24 Bow Saw
17:18 Pikeman
20:45 Hand Cart
24:45 Fletching
24:56 Padded Archer Armor
muslu.onur
8:41 Feudal Age
9:23 Double-Bit Axe
9:21 Horse Collar
11:46 Wheelbarrow
17:16 Castle Age
16:52 Stone Mining
16:59 Gold Mining
17:12 Stone Mining
18:32 Bow Saw
18:24 Heavy Plow
21:53 Hand Cart
23:21 Elite Skirmisher
23:24 Pikeman
GoodG0d420
8:14 Feudal Age
9:10 Loom
11:47 Castle Age
12:40 Double-Bit Axe
12:58 Man-at-Arms
22:26 Loom
24:57 Wheelbarrow
Anipazronkin
0:28 Loom
1:06 Loom
2:04 Loom
9:50 Feudal Age
11:24 Wheelbarrow
10:38 Double-Bit Axe
10:34 Horse Collar
10:47 Gold Mining
10:46 Town Watch
12:15 Scale Barding Armor
12:21 Forging
13:50 Bloodlines
23:36 Castle Age
22:15 Stone Mining
23:47 Light Cavalry
24:32 Husbandry
25:31 Chain Barding Armor
25:47 Iron Casting
25:35 Hand Cart
25:20 Town Patrol
25:33 Bow Saw
25:29 Heavy Plow
ChickDuke
2:56 Loom
11:15 Feudal Age
13:13 Wheelbarrow
13:58 Gold Mining
14:12 Double-Bit Axe
16:02 Town Watch
17:16 Stone Mining
21:25 Forging
21:16 Scale Mail Armor
21:22 Scale Barding Armor
Dremora
3:15 Loom
8:59 Feudal Age
9:35 Double-Bit Axe
9:32 Horse Collar
11:39 Fletching
14:05 Gold Mining
20:10 Padded Archer Armor
atouminou
6:06 Loom
8:13 Feudal Age
9:14 Double-Bit Axe
9:14 Horse Collar
15:28 Castle Age
13:47 Stone Mining
16:58 Stone Shaft Mining
16:35 Bow Saw
22:16 Wheelbarrow
22:17 Pikeman
23:04 Town Watch
25:22 Hand Cart
王嘉尔
7:58 Feudal Age
13:16 Castle Age
11:23 Horse Collar
12:27 Double-Bit Axe
13:02 Gold Mining
16:54 Heavy Plow
20:06 Wheelbarrow
19:19 Loom
20:33 Gold Shaft Mining
24:04 Hand Cart
24:09 Bow Saw
23:52 Fletching
Connection lost

Rejoining the realm…

Still unreachable

The connection could not be restored.

Session expired

The server has moved on; the page needs a fresh start.